Construct Section Command Post
Selects Air and Sea Battlegroup
Construct Platoon Command Post
Selects Commando Section Paradrop
Selects Commando Support Section Paradrop
Commando Section Paradrop
Unlock Bishop Self-propelled Artillery
Commando Support Section Paradrop
Bishop Self-propelled Artillery
Commando Section Paradrop
6-pounder Anti-tank Gun Team
Construct Company Command Post
Selects Centaur Medium Tank
Selects Incendiary Bombing Run
Selects Naval Bombardment